 Dungeon Crawl Stone Soup version 0.30-a0-122-g2a1322497e (webtiles) character file.

Game seed: 6868600566818704512

491 Hubris850 the Cudgeller (level 7, -7/59 HPs)
             Began as a Meteoran Cinder Acolyte on Sept 16, 2022.
             Was a Priest of Ignis.
             Mangled by a shadow (28 damage)
             ... on level 5 of the Dungeon.
             The game lasted 00:11:38 (1552 turns).

Hubris850 the Cudgeller (Meteoran Cinder Acolyte)   Turns: 1552, Time: 00:11:39

Health: -7/59      AC:  4    Str: 15    XL:     7   Next: 64%
Magic:  3/14       EV: 12    Int: 19    God:    Ignis [***...]
Gold:   151        SH:  0    Dex:  9    Spells: 10/14 levels left

rFire   + . .      SeeInvis .    a - -1 mace (flame)
rCold   . . .      Faith    .    (no shield)
rNeg    . . .      Spirit   .    i - +0 leather armour
rPois   .          Reflect  .    (no helmet)
rElec   .          Harm     .    (no cloak)
rCorr   .          Rampage  .    l - +0 pair of gloves
Will    .....                    (no boots)
Stlth   +.........               (no amulet)
HPRegen 0.19/turn                (no ring)
MPRegen 0.14/turn                (no ring)

@: lethally poisoned (-7 -> -20), glowing
A: sense surroundings 1, otherworldly, glowing, explore regen
a: Renounce Religion, Fiery Armour, Foxfire Swarm, Rising Flame


You were on level 5 of the Dungeon.
You worshipped Ignis.
Ignis was most pleased with you.
You visited 1 branch of the dungeon, and saw 5 of its levels.

You collected 151 gold pieces.

Inventory:

Hand Weapons
 a - a -1 mace of flaming (weapon)
 h - a +0 sling
Missiles
 c - 5 poisoned darts
Armour
 b - a +0 robe
 i - a +0 leather armour (worn)
 l - a +0 pair of gloves (worn)
Wands
 m - a wand of roots (8)
 s - a wand of flame (17)
Scrolls
 d - a scroll of enchant armour {unknown}
 e - 2 scrolls of poison
 f - 2 scrolls of teleportation
 j - a scroll of enchant weapon {unknown}
 n - a scroll of brand weapon {unknown}
 o - 2 scrolls of blinking {unknown}
 q - a scroll of amnesia {unknown}
Potions
 g - a potion of resistance
 k - 3 potions of curing
 p - a potion of heal wounds {unknown}
 r - a potion of mutation {unknown}


   Skills:
 - Level 4.0 Fighting
 + Level 5.3 Maces & Flails
 - Level 3.0 Armour
 + Level 3.8 Dodging
 + Level 4.0 Spellcasting
 + Level 1.6 Translocations
 - Level 5.0 Fire Magic


You had 10 spell levels left.
You knew the following spells:

 Your Spells              Type           Power      Damage    Failure   Level
a - Scorch                Fire           44%        2d7       3%          2
b - Blink                 Tloc           20%        N/A       13%         2

Your spell library contained the following spells:

 Spells                   Type           Power      Damage    Failure   Level
 Sublimation of Blood     Necr           3%         N/A       26%         2
 Wereblood                Tmut           3%         N/A       26%         2
 Dazzling Flash           Conj/Hex       6%         N/A       45%         3
 Manifold Assault         Tloc           10%        N/A       63%         4
 Agony                    Necr           3%         N/A       99%         5
 Silence                  Hex/Air        1%         N/A       99%         5
 Storm Form               Tmut/Air       1%         N/A       100%        7
 Summon Hydra             Summ           1%         N/A       100%        7


Dungeon Overview and Level Annotations

Branches:
Dungeon (5/15) Zot: 1426
 Temple: D:4-7

Altars:
Ashenzari


Innate Abilities, Weirdness & Mutations

You passively map a small area around you.
You are easily found by Zot.
You glow in the dark.
You regain HP and MP as you explore.


Message History

s - a wand of flame (17)
Found a robe.
A shadow comes into view.
The water moccasin hisses angrily.
The shadow moves out of view.
Okay, then.
Flames lash the water moccasin.
The water moccasin is lightly wounded.
The water moccasin's fire resistance burns away.
The water moccasin misses you.
Flames lash the shadow.
The shadow is moderately damaged.
The shadow's fire resistance burns away.
The water moccasin bites you.
You are poisoned.
The water moccasin poisons you! The water moccasin bites you.
The shadow slips into darkness.
The shadow flickers and vanishes!
Deactivating autopickup; reactivate with Ctrl-A.
Flames lash the water moccasin.
The water moccasin is burned terribly!
The water moccasin is heavily wounded.
You feel very sick. The water moccasin bites you.
You are more poisoned.
The water moccasin poisons you!
Flames lash the water moccasin.
The water moccasin is burned terribly!
The water moccasin is almost dead.
You feel very sick. The water moccasin bites you.
Flames lash the water moccasin.
The water moccasin is burned terribly!
You kill the water moccasin!
You feel very sick.
Your life force feels restored.
Your Spellcasting skill increases to level 4!
Your Translocations skill increases to level 1!
Unknown command.
You sock something! You burn something.
You feel very sick.
The shadow strikes at you from the darkness!
You die...

* , , * #<#...#.#
###*, ,, #...>...#
..# , , *
###...### #.# ***
#.S.#* * , *
##.###.#, * * *,
####...[.# ...
..... ###
#..W.W.#####..#
#.###
##.######.###♣...#
.... , #
#.....@...# .♣.#
.... * ##.########
# ..#... #.# *
##.#. #.# , #.#.
#.# *####... #.# ,
*#.....# #.## ,
##.##..# #..# ,
#..§§§§. ##.# ,
#.§≈§§§≈


There were no monsters in sight!

Vanquished Creatures
  A water moccasin (D:5)
  A black bear (D:4)
  An ice beast (D:5)
  A necrophage (D:5)
  A hound (D:3)
  Terence (D:3)
  An iguana (D:3)
  A shadow imp (D:5)
  2 dart slugs (D:1)
  5 orcs
  A ball python (D:4)
  5 endoplasms
  3 giant cockroaches
  9 goblins
  5 hobgoblins
  2 jackals (D:1)
  5 kobolds
  3 quokkas
  5 bats
  A frilled lizard (D:3)
  4 rats
58 creatures vanquished.

Vanquished Creatures (others)
  42 foxfires (D:3)
42 creatures vanquished.

Grand Total: 100 creatures vanquished

Notes
Turn   | Place    | Note
-------+----------+-------------------------------------------
     0 | D:1      | Hubris850 the Meteoran Cinder Acolyte began the quest for
                  | the Orb.
     0 | D:1      | Reached XP level 1. HP: 19/19 MP: 3/3
   115 | D:1      | Reached XP level 2. HP: 6/26 MP: 3/5
   386 | D:1      | Learned a level 2 spell: Scorch
   436 | D:1      | Reached skill level 1 in Armour
   436 | D:1      | Reached skill level 1 in Dodging
   436 | D:1      | Reached XP level 3. HP: 15/31 MP: 1/6
   496 | D:1      | Glimpsed the power of Zot.
   658 | D:3      | Noticed Terence
   664 | D:3      | Killed Terence
   665 | D:3      | Reached XP level 4. HP: 40/40 MP: 3/8
   665 | D:3      | Reached XP level 5. HP: 46/46 MP: 3/9
  1049 | D:5      | Entered Level 5 of the Dungeon
  1049 | D:5      | Noticed an ice beast
  1053 | D:5      | Killed an ice beast
  1054 | D:5      | Reached XP level 6. HP: 52/52 MP: 4/11
  1092 | D:4      | Noticed a black bear
  1101 | D:4      | Killed a black bear
  1102 | D:4      | Reached XP level 7. HP: 53/59 MP: 3/13
  1122 | D:5      | Noticed a water moccasin
  1159 | D:4      | Reached skill level 5 in Fire Magic
  1202 | D:4      | Learned a level 2 spell: Blink
  1422 | D:5      | Found a broken altar of Ashenzari.
  1437 | D:5      | Reached skill level 5 in Maces & Flails
  1539 | D:5      | Noticed a shadow
  1551 | D:5      | Killed a water moccasin
  1552 | D:5      | Reached skill level 1 in Translocations
  1552 | D:5      | Mangled by a shadow

Illustrated notes

Levels and vault maps discovered:
D:1:      dpeg_arrival_water_fire, layout_basic,
          hellmonk_ecumenical_altar_watching_god, minmay_pentomino_p4
D:2:      layout_basic, basic_altar, serial_shops, nicolae_shop_waterfront,
          corexii_corridor_pit
D:3:      layout_basic, minivault_25, hangedman_feature_mirror, uniq_terence
D:4:      layout_rooms, minmay_temple_entry_nine_rooms, minmay_ruptured
D:5:      layout_loops_cross, mainiacjoe_overflow_concentric_impassable,
          overflow_temple_1_default, serial_shops, nicolae_shop_trees,
          grunt_decor_junction, serial_park_tiny_1, guppyfry_early_orc_mine

Skill      XL: |  1  2  3  4  5  6  7 |
---------------+----------------------+-----
Armour         | 1 2 3 |  3.0
Dodging        | 1 2 3 |  3.8
Spellcasting   | 2 3 4 |  4.0
Fire Magic     | 4 5 |  5.0
Fighting       | 4 |  4.0
Maces & Flails | 5 |  5.3
Translocations | 1 |  1.6

Action                   |  1- 3 |  4- 6 |  7- 9 || total
-------------------------+-------+-------+-------++-------
Melee: Mace              |    40 |    36 |    30 ||   106
       Punch             |       |     1 |       ||     1
Throw: Dart              |     1 |       |       ||     1
 Cast: Scorch            |     8 |    12 |     5 ||    25
Invok: Fiery Armour      |     2 |       |       ||     2
       Foxfire Swarm     |     2 |       |       ||     2
  Use: Scroll            |       |       |     5 ||     5
Armor: Robe              |    27 |       |       ||    27
       Leather armour    |       |     6 |     7 ||    13
Dodge: Dodged            |    31 |    22 |    20 ||    73

Table legend: (Time is in decaauts)
 A = Elapsed time spent in this place.
 B = Non-inter-level travel time spent in this place.
 C = Inter-level travel time spent in this place.
 D = Time resting spent in this place.
 E = Time spent auto-exploring this place.
 F = Levels seen in this place.
 G = Mean time per level.
                   A        B        C        D        E       F      G
               +--------+--------+--------+--------+--------+-----+--------+
         Total |   1572 |   1572 |      0 |    401 |     94 |   5 |  314.4 |
       Dungeon |   1572 |   1572 |      0 |    401 |     94 |   5 |  314.4 |
               +--------+--------+--------+--------+--------+-----+--------+

Top non-repeatable levels by time:
     D:1: 546 daAuts
     D:3: 372 daAuts
     D:5: 272 daAuts
     D:4: 262 daAuts
     D:2: 118 daAuts
